Construct Section Command Post
Construct Platoon Command Post
Unlock Bishop Self-propelled Artillery
6-pounder Anti-tank Gun Team
Bishop Self-propelled Artillery
6-pounder Anti-tank Gun Team
Selects Heavy Armor Battlegroup
Selects Light Vehicle Withdraw and Refit
Selects Rigorous Vehicle Training
Selects Forward Repair Assembly
Construct Company Command Post
Unlock M3 Grant Medium Tanks
Selects Churchill Black Prince Heavy Tank
Churchill Black Prince Heavy Tank
Churchill Black Prince Heavy Tank